Map: Ruins of Seras

Players

Xaero

  • Race: Protoss Protoss
  • League: Platinum

ORDER - Winner!

  • Race: Zerg Zerg
  • League: Diamond

VOD

Have the link to the VOD?

Description

Time

  • Played on: March 14, 2016, 9:56 a.m.
  • Length: 7:52
Show
View Real Time Build Order
Export as new Build Order

Xaero Protoss 

Build Orders: 1 Gate Expand 

Get SALT Encoding   

  12  0:01  Probe (Chrono Boost)  
  13  0:12  Probe (Chrono Boost)  
  14  0:21  Pylon  
  14  0:24  Probe (Chrono Boost)  
  15  0:39  Probe (Chrono Boost)  
  16  0:43  Gateway  
  16  0:49  Probe (Chrono Boost)  
  17  1:12  Nexus  
  17  1:18  Assimilator  
  17  1:27  Assimilator  
  17  1:35  Cybernetics Core  
  17  1:40  Zealot (Chrono Boost)  
  17  1:44  Probe  
  20  1:56  Probe  
  22  2:19  Adept (Chrono Boost)  
  23  2:23  Mothership Core  
  23  2:26  Probe  
  26  2:38  Probe  
  26  2:44  Pylon  
  27  2:48  Pylon  
  27  2:50  Probe  
  27  2:51  Probe  
  29  3:00  Probe  
  29  3:03  Probe  
  29  3:04  Warp Gate  
  31  3:11  Probe  
  31  3:21  Gateway  
  31  3:22  Gateway  
  31  3:25  Pylon  
  31  3:26  Probe  
  31  3:27  Probe  
  33  3:35  Stargate  
  33  3:36  Probe  
  33  3:41  Probe  
  35  3:47  Probe (Chrono Boost)  
  35  3:50  Assimilator  
  36  3:58  Probe (Chrono Boost)  
  37  4:03  Probe (Chrono Boost)  
  37  4:05  Twilight Council  
  37  4:09  Probe (Chrono Boost)  
  39  4:14  Probe (Chrono Boost)  
  40  4:19  Probe (Chrono Boost)  
  40  4:23  Phoenix (Chrono Boost), Probe (Chrono Boost)  
  41  4:30  Stargate, Probe  
  45  4:32  Pylon  
  45  4:34  Resonating Glaives (Chrono Boost), Probe  
  46  4:42  Probe  
  47  4:46  Probe  
  47  4:49  Phoenix  
  48  4:56  Probe  
  51  5:01  Assimilator  
  51  5:19  Phoenix (Chrono Boost)  
  55  5:23  Phoenix (Chrono Boost)  
  55  5:37  Gateway  
  55  5:39  Gateway  
  55  5:40  Pylon  
  55  5:42  Phoenix (Chrono Boost)  
  57  5:44  Gateway  
  57  5:47  Gateway  
  57  5:49  Phoenix (Chrono Boost), Probe  
  60  5:54  Adept  
  62  6:07  Nexus  
  62  6:14  Pylon x2  
  62  6:16  Phoenix (Chrono Boost)  
  64  6:24  Phoenix (Chrono Boost)  
  66  6:35  Pylon  
  66  6:36  Robotics Facility  
  66  6:39  Phoenix (Chrono Boost)  
  68  6:40  Adept  
  68  6:43  Adept  
  72  7:16  Adept x3  
  72  7:17  Adept x4  
  55  7:47  Adept x5  
Show
View Real Time Build Order
Export as new Build Order

ORDER Zerg - Winner!

Build Orders: Pool First 

Get SALT Encoding   

  12  0:01  Drone  
  13  0:12  Overlord  
  13  0:26  Drone  
  14  0:35  Spawning Pool  
  14  0:38  Drone  
  14  0:42  Drone  
  15  0:47  Drone  
  16  0:56  Drone  
  17  1:13  Hatchery  
  16  1:23  Zergling x6  
  19  1:34  Queen  
  19  1:36  Drone  
  22  1:48  Overlord  
  22  1:57  Overlord  
  22  2:02  Extractor  
  22  2:06  Drone  
  22  2:10  Queen  
  24  2:17  Drone  
  25  2:30  Drone x2  
  27  2:40  Roach Warren  
  26  2:48  Drone x5  
  31  2:52  Drone  
  32  3:10  Hatchery  
  31  3:14  Drone x2  
  31  3:17  Drone  
  31  3:19  Drone  
  35  3:27  Drone x3  
  35  3:29  Drone  
  35  3:33  Overlord  
  39  3:36  Drone  
  39  3:43  Lair  
  39  3:49  Evolution Chamber  
  38  3:58  Drone  
  38  3:59  Drone  
  38  4:01  Extractor  
  39  4:08  Extractor, Drone x5  
  43  4:18  Zerg Ground Armor Level 1  
  43  4:29  Drone x7  
  50  4:38  Roach x3  
  56  4:48  Glial Reconstitution  
  56  4:55  Overlord x3  
  56  5:00  Metabolic Boost  
  56  5:02  Drone  
  57  5:12  Queen x2  
  61  5:23  Overlord x2  
  61  5:24  Overlord  
  61  5:26  Roach x6  
  73  5:32  Infestation Pit  
  72  5:37  Overlord x2  
  72  5:39  Drone  
  73  5:46  Pneumatized Carapace  
  73  5:58  Roach x4  
  73  6:01  Roach  
  83  6:09  Ravager  
  82  6:12  Extractor  
  81  6:26  Extractor  
  81  6:28  Extractor  
  81  6:30  Roach x6  
  91  6:33  Zergling x22  
  91  6:36  Zergling x14  
  106  7:01  Zergling x14  
  112  7:13  Roach x4  
  109  7:20  Roach x3  
  109  7:22  Zergling x8  
Tags
 
Add a new tag
Caveats
  • Supply blocks, unpowered buildings, or Contaminate may cause inaccurate times.
  • Supply counts are checked every 10 seconds.